[Event "Late-Titled-Tuesday-Blitz-March-05-2024"]
[Site "Chess.com"]
[Date "2024.03.05"]
[Round "2"]
[White "Bilan_Danila"]
[Black "BeanScreen"]
[Result "1-0"]
[WhiteElo "2552"]
[BlackElo "2724"]
[TimeControl "180+1"]
[EndTime "14:19:05 PST"]
[Termination "Bilan_Danila won by resignation"]

1. d4 d5 2. Nf3 e6 3. g3 b6 4. Bg2 Bb7 5. O-O Nd7 6. c4 dxc4 7. Qa4 a6 8. Qxc4 b5 9. Qc2 Ngf6 10.
Bf4 c5 11. a4 Rc8 12. axb5 axb5 13. Qb3 Bc6 14. Ne5 Nxe5 15. dxe5 Nd5 16. Nc3 c4 17. Qd1 Bc5 18. Nxd5 Bxd5 19. e4 Bc6 20. Qg4 O-O 21.
Bg5 Be7 22. Bh6 g6 23. Bxf8 Bxf8 24. h4 Bg7 25. Qf4 Qc7 26. Rfd1 Bxe5 27. Qd2 h5 28. Kh2 Bf6 29. f4 Rd8 30. Qe3 Rxd1 31. Rxd1 Bxb2 32. Qc5 Qc8 33. e5 Bd7 34. Qxc8+ Bxc8 35. Rd8+ Kg7 36. Rxc8 c3 37. Be4 b4 38. Bc2 Bc1 39. Kg2 Bb2 40. Kf3 Bc1 41. Ke4 Bd2 42. Rc4 Be1 43.
Kf3 f6 44. exf6+ Kxf6 45. Rxb4 Bd2 46. Rb6 Ke7 47. Bb3 Kd7 48. Rb5 Kc6 49. Rg5 Kd6 50. Rxg6 Kc5 51. Rxe6 Kb4 52. Bc2 Kc4 53. Re4+ Kd5 54. Ke2 Bc1 55. Kd3 Bd2 56. f5 Bh6 57. f6 Bf8 58. f7 Bg7 59. Re8 Kd6 60. f8=Q+ Bxf8 61. Rxf8 Ke7 62. Rh8 1-0

[Event "Late-Titled-Tuesday-Blitz-March-05-2024"]
[Site "Chess.com"]
[Date "2024.03.05"]
[Round "2"]
[White "ShahMatKanal"]
[Black "kids2010"]
[Result "0-1"]
[WhiteElo "2508"]
[BlackElo "2803"]
[TimeControl "180+1"]
[EndTime "14:19:07 PST"]
[Termination "kids2010 won on time"]

1. d4 d5 2. Nf3 Nf6 3. Bf4 e6 4.
e3 c5 5. c3 Nc6 6. Nbd2 cxd4 7. exd4 Nh5 8. Be5 Nxe5 9. Nxe5 Nf6 10. Bb5+ Bd7 11. Qa4 Bd6 12. Ndf3 a6 13. Bxd7+ Nxd7 14. Nxd7 Qxd7 15. Qxd7+ Kxd7 16. Kd2 b5 17. a3 f6 18. Rhe1 a5 19. Re2 b4 20. axb4 axb4 21. Rae1 Ra2 22. Kd3 Rc8 23. Rc2 g5 24. h3 h5 25. Nd2 Raa8 26. c4 dxc4+ 27. Nxc4 Rcb8 28. Nxd6 Kxd6 29.
Rec1 Rb7 30. Rc6+ Kd7 31. R6c5 Ra2 32. R1c2 b3 33. Re2 Ra1 34. Kd2 Rb4 35. Kc3 Rb7 36.
Kd2 Rb4 37. Kc3 Rb6 38. Kd2 Ra4 39. Ke3 Rd6 40. Rd2 f5 41. g3 Rb4 42. Ra5 Ke7 43.
Ra7+ Kf6 44. Ra5 Rc6 45. f4 gxf4+ 46. gxf4 Rc2 47. Rc5 Rxd2 48. Kxd2 Rxd4+ 49. Ke3 Re4+ 50. Kf3 Rb4 51. Rc8 h4 52. Rf8+ Ke7 53. Rh8 Rd4 54.
Rb8 Rd3+ 55. Kg2 Rd2+ 56. Kf3 Rxb2 57. Rb7+ Kf6 58. Rb8 Rb1 59. Kg2 b2 60. Rb7 e5 61.
Rb6+ Ke7 62. fxe5 f4 63. Kh2 f3 64. Rb7+ Ke6 65. Rb6+ Kd5 66. Rd6+ Ke4 67. Rf6 Rh1+ 0-1

[Event "Late-Titled-Tuesday-Blitz-March-05-2024"]
[Site "Chess.com"]
[Date "2024.03.05"]
[Round "2"]
[White "Pelusiansky"]
[Black "KNVB"]
[Result "0-1"]
[WhiteElo "2564"]
[BlackElo "2808"]
[TimeControl "180+1"]
[EndTime "14:19:12 PST"]
[Termination "KNVB won by checkmate"]

1. d4 e5 2. dxe5 Nc6 3. Nf3 Qe7 4. Bf4 Qb4+ 5. Bd2 Qxb2 6. Nc3 Bb4 7. Rb1 Qxc3 8. Bxc3 Bxc3+ 9. Nd2 Nxe5 10. e3 Nf6 11. Bd3 O-O 12. O-O d5 13. Nf3 Nxf3+ 14. Qxf3 Be5 15. Bf5 b6 16. Bxc8 Raxc8 17. Qf5 Rce8 18. Rfd1 Re6 19. Rbc1 g6 20. Qf3 Rfe8 21. c4 dxc4 22. Rxc4 Bd6 23. h3 Ne4 24. a4 a5 25. Qe2 h5 26. Qc2 Nc5 27. g4 hxg4 28. Rxg4 Ne4 29. h4 Nf6 30. Rg2 Re4 31. f3 R4e6 32. e4 Nh5 33. Rg4 Nf6 34. Rg2 Nh5 35. Rg4 Kg7 36. Qc1 Rf6 37. Kg2 Nf4+ 38. Kf2 Bc5+ 39. Kf1 Rxe4 40.
fxe4 Nd3+ 41. Ke2 Nxc1+ 42. Rxc1 Rf2+ 43. Kd3 Ra2 44. h5 Ra3+ 45. Kc4 Rxa4+ 46. Kd5 Rd4+ 47.
Kc6 a4 48. Rc2 a3 49. Rcg2 Rd6+ 50. Kb5 Re6 51. hxg6 fxg6 52. Kc4 Kf7 53. Kd5 c6+ 54. Kc4 Rf6 55. Kb3 Kg7 56. Rd2 b5 57. Rd7+ Rf7 58. Rd2 Be7 59. Rdg2 g5 60. e5 Rf3+ 61. Ka2 Kf7 62.
Rxg5 Bxg5 63. Rxg5 b4 64. Rg4 c5 65. Rc4 Rf2+ 66. Ka1 Rf1+ 67. Ka2 Rf2+ 68. Ka1 b3 69. Rc3 Rf1+ 70. Rc1 Rxc1# 0-1

[Event "Late-Titled-Tuesday-Blitz-March-05-2024"]
[Site "Chess.com"]
[Date "2024.03.05"]
[Round "2"]
[White "js20000"]
[Black "Vegan4future"]
[Result "1-0"]
[WhiteElo "2787"]
[BlackElo "2471"]
[TimeControl "180+1"]
[EndTime "14:19:13 PST"]
[Termination "js20000 won by resignation"]

1. Nf3 Nf6 2. c4 g6 3. b3 Bg7 4.
Bb2 d6 5. d4 O-O 6. g3 c5 7.
Bg2 Nc6 8. O-O cxd4 9. Nxd4 Nxd4 10. Qxd4 Qa5 11. Nc3 Ng4 12. Qd2 Re8 13. Rad1 Rb8 14. h3 Ne5 15. Nb5 Qxd2 16. Rxd2 a6 17. Nc7 Rd8 18. Nd5 Nc6 19. Nb6 Bd7 20. Bxg7 Kxg7 21. c5 Be8 22. cxd6 Rxd6 23. Rxd6 exd6 24. Rd1 Rd8 25.
Nc4 b5 26. Nxd6 Kf8 27. Rd2 Ke7 28. Ne4 Nd4 29. e3 Nc6 30. Rxd8 Kxd8 31. Nf6 Nb4 32. Nxh7 Ke7 33. a3 Nc2 34. Bb7 a5 35. g4 Nxa3 36. g5 a4 37. bxa4 bxa4 38. Nf6 Nc4 39. Bd5 Bb5 40. Ne4 a3 41. Nc3 Ba6 42. h4 Ne5 43.
Kg2 Nd3 44. f4 Nb4 45. Bb3 Nd3 46. Kf3 Nc5 47. Ba2 Bd3 48. e4 Bc2 49. Ke3 Nb7 50. Nb5 Nc5 51. Nxa3 Ba4 52. Kd4 Nd7 53. Nc4 Bc6 54.
Ne5 Nxe5 55. Kxe5 Bd7 56. f5 Be8 57. f6+ Kf8 58. Kd6 Bb5 59. e5 Bd3 60. Kd7 Bf5+ 61.
Kd8 Bh3 62. Bd5 Bg4 63. Kc7 Bh3 64. Kd6 Bg4 65. Be4 Bh3 66. e6 Bxe6 67. Bxg6 Bg4 68. Be4 Bd1 69. Ke5 Be2 70. Kf4 Bd1 71. Bf3 Bc2 72.
h5 Kg8 73. Be4 Bd1 74. h6 Kh8 75. Ke5 Bh5 76. Kd6 Bd1 77. Ke7 Bb3 78. Bc6 Kh7 79. Be8 Kg6 80. Bxf7+ Bxf7 81. h7 Kxh7 82. Kxf7 Kh8 83.
Kg6 Kg8 84. f7+ Kf8 85. Kh7 Kxf7 86. g6+ 1-0

[Event "Late-Titled-Tuesday-Blitz-March-05-2024"]
[Site "Chess.com"]
[Date "2024.03.05"]
[Round "2"]
[White "AlexTruskavetsky"]
[Black "the_blue_pill"]
[Result "0-1"]
[WhiteElo "2695"]
[BlackElo "2412"]
[TimeControl "180+1"]
[EndTime "14:19:15 PST"]
[Termination "the_blue_pill won by resignation"]

1. d4 d5 2. c4 e6 3. Nc3 c5 4. cxd5 exd5 5. Nf3 Nc6 6. g3 Nf6 7.
Bg2 cxd4 8. Nxd4 Bc5 9. Nb3 Bb6 10. O-O d4 11. Na4 O-O 12. Nxb6 axb6 13. Bxc6 bxc6 14.
Qxd4 Be6 15. Qxd8 Rfxd8 16. Bg5 h6 17. Bf4 c5 18. Bc7 Rdc8 19. Bxb6 Nd7 20. Ba5 c4 21. Bc3 cxb3 22. axb3 Bxb3 23. f3 Nb6 24. Rfc1 Rxa1 25. Rxa1 Nd5 26. Bd4 Rc4 27. e3 Rc2 28. e4 Nb4 29. Ra8+ Kh7 30. Rb8 Nc6 31. Rxb3 Nxd4 32. Rd3 Ne2+ 33. Kf1 Rxb2 34. Rd7 Kg6 35. Rd6+ f6 36. e5 Nc3 37. h4 Ne2 38. Kf2 Nd4+ 39. Kf1 Nf5 40. h5+ Kxh5 41. g4+ Kg5 42. gxf5 Kxf5 43.
exf6 gxf6 44. Rd4 h5 45. Kg1 Kg5 46. Kh1 f5 47. Kg1 f4 48. Kf1 h4 49. Rd5+ Kg6 50. Rd6+ Kg5 51. Rd5+ Kf6 52. Rd6+ Ke5 53. Rh6 Kd4 54.
Rxh4 Ke3 55. Rh3 Rf2+ 56. Ke1 Rxf3 57. Rh8 Rg3 58. Kf1 Rg6 59. Ra8 Kf3 60. Ra3+ Kg4 61.
Kf2 Rc6 62. Ra8 Rc2+ 63. Kf1 Kg3 64. Rg8+ Kf3 65. Ke1 Rc1+ 66. Kd2 Rf1 67. Rf8 Rf2+ 68. Kd3 Rf1 69. Rf7 Re1 70. Kd2 Re5 71. Kd1 Kg3 72.
Kd2 f3 73. Rg7+ Kf2 74. Rg6 Rd5+ 75. Kc3 Rd8 76. Kc4 Ke1 77. Re6+ Kf1 78. Rf6 f2 79. Rd6 Rxd6 0-1

[Event "Late-Titled-Tuesday-Blitz-March-05-2024"]
[Site "Chess.com"]
[Date "2024.03.05"]
[Round "2"]
[White "santosalberto1987"]
[Black "Zampronha1971"]
[Result "1-0"]
[WhiteElo "2535"]
[BlackElo "2347"]
[TimeControl "180+1"]
[EndTime "14:19:23 PST"]
[Termination "santosalberto1987 won by checkmate"]

1. e4 c5 2. Nf3 e6 3. g3 Nc6 4. Bg2 Nf6 5. Qe2 Be7 6. O-O d5 7. exd5 exd5 8. c3 Bg4 9. h3 Bh5 10. g4 Bg6 11. d4 c4 12. Ne5 Nxe5 13. dxe5 Ne4 14. Nd2 Nxd2 15. Qxd2 Bd3 16. Re1 O-O 17. Bf1 Bxf1 18. Rxf1 Qd7 19. Qe2 f5 20. exf6 Bxf6 21. Be3 Rae8 22. Qd2 Qc6 23. Rad1 Rd8 24. Bd4 Bxd4 25.
Qxd4 Rfe8 26. Rfe1 h6 27. Re5 Rxe5 28. Qxe5 Kh8 29.
Re1 Qb5 30. Re2 Rf8 31. Qd4 Rd8 32. h4 Qd7 33. Re5 b5 34. a3 Qf7 35. Qe3 Rf8 36. Re7 Qf6 37. g5 hxg5 38. hxg5 Qf5 39. Qg3 Qb1+ 40.
Kg2 Qg6 41. Re5 Rd8 42. Qh4+ Kg8 43. Qg4 d4 44. cxd4 Qc6+ 45. Qe4 Qxe4+ 46. Rxe4 a5 47. f4 b4 48. axb4 axb4 49. Kf3 Rc8 50. Re1 c3 51. bxc3 Rxc3+ 52. Ke4 Kf7 53. Rb1 b3 54. d5 g6 55. Kd4 Rf3 56. Ke5 Ke7 57. d6+ Kd7 58. Kf6 Rxf4+ 59. Kxg6 Rb4 60. Kf7 Kxd6 61. g6 Rf4+ 62.
Kg8 Rg4 63. g7 Rg3 64. Rf1 Kc5 65. Kf7 Rxg7+ 66. Kxg7 Kc4 67. Kf6 Kc3 68. Ke5 Kc2 69. Kd4 b2 70. Rf2+ Kc1 71. Kc3 b1=Q 72. Rf1# 1-0

[Event "Late-Titled-Tuesday-Blitz-March-05-2024"]
[Site "Chess.com"]
[Date "2024.03.05"]
[Round "2"]
[White "Byniolus"]
[Black "Jesseinkman"]
[Result "0-1"]
[WhiteElo "2774"]
[BlackElo "2488"]
[TimeControl "180+1"]
[EndTime "14:19:30 PST"]
[Termination "Jesseinkman won by resignation"]

1. d4 d5 2. Nf3 e6 3. Bf4 Bd6 4.
Bg3 Nf6 5. Nbd2 O-O 6. e3 c5 7. c3 Nc6 8. Bd3 Re8 9. Ne5 Bxe5 10. dxe5 Nd7 11. Nf3 Nf8 12. O-O Ng6 13. e4 d4 14.
cxd4 Nxd4 15. Nxd4 Qxd4 16. Bb5 Rd8 17. Qe2 Qb4 18.
Rfd1 Rd4 19. a3 Qa5 20. b4 Qb6 21. Rxd4 cxd4 22. Rd1 a6 23. Ba4 a5 24. Qb5 Qxb5 25. Bxb5 axb4 26. axb4 b6 27. f3 Ba6 28. Bxa6 Rxa6 29.
Rxd4 h5 30. h4 Ra4 31. f4 Ne7 32. Rc4 b5 33. Rc7 Kf8 34. Bf2 Ke8 35. Bc5 Ng6 36. g3 Ra1+ 37. Kg2 Ra2+ 38. Kf3 Ra3+ 39. Kf2 Ra2+ 40.
Ke1 Ra3 41. Rb7 Rxg3 42. f5 Nxe5 43. Rxb5 Nd3+ 44. Ke2 Nxc5 45. Rxc5 exf5 46. Rxf5 Rg4 47. Kd3 Rxh4 48. b5 Rh1 49. Kc4 g6 50. Re5+ Kd7 51.
Kc5 Rc1+ 52. Kb6 h4 53. Rd5+ Ke6 54. Rd3 g5 55. Kb7 g4 56. b6 Rb1 57. Kc6 g3 58.
Rd2 h3 59. b7 Rxb7 60. Rd6+ Ke7 61. Rh6 g2 62. Kxb7 g1=Q 63. Rxh3 Qd4 64. Rh4 Qe5 65. Kc6 Qd6+ 66. Kb5 Qd3+ 67. Kc6 Qg3 68. Rh5 Qd6+ 69. Kb5 Qg6 70. Re5+ Kd6 71. Rd5+ Ke6 72. Rd4 Qg1 73. Kc4 Qf1+ 74. Kc3 Ke5 75. Rb4 Qe1+ 76. Kc4 Qxb4+ 77. Kxb4 Kxe4 0-1

[Event "Late-Titled-Tuesday-Blitz-March-05-2024"]
[Site "Chess.com"]
[Date "2024.03.05"]
[Round "2"]
[White "ContrVersia"]
[Black "CarrotsandPizza"]
[Result "1/2-1/2"]
[WhiteElo "2863"]
[BlackElo "2592"]
[TimeControl "180+1"]
[EndTime "14:19:41 PST"]
[Termination "Game drawn by repetition"]

1. d4 Nf6 2. c4 g6 3. Nc3 Bg7 4.
e4 d6 5. h3 O-O 6. Be3 Nbd7 7. Nf3 a6 8. Bd3 c5 9. O-O cxd4 10.
Nxd4 Nc5 11. Bc2 Bd7 12. a4 Qa5 13. Qd2 Rfe8 14. Rfd1 Rac8 15. b3 Ne6 16. Nde2 Bc6 17. Rab1 Qb4 18. Nd5 Qxd2 19. Rxd2 Nc5 20. Nec3 a5 21. Bd4 Nfd7 22. f4 Bh6 23. g3 e5 24.
Be3 exf4 25. gxf4 Bg7 26. Bd4 Bxd4+ 27. Rxd4 Kg7 28. Re1 f5 29. Kf2 fxe4 30. Nxe4 Nxe4+ 31. Bxe4 Nc5 32. Bc2 Rxe1 33. Kxe1 Re8+ 34. Kf2 Bxd5 35. Rxd5 Re6 36. h4 Kf6 37. h5 Ke7 38. Rg5 Kf7 39. Kf3 Rf6 40. hxg6+ hxg6 41. Ke3 b6 42. Rg4 Ne6 43. Rh4 Nc5 44. Rh7+ Kg8 45. Rc7 Rf7 46. Rc6 Rf6 47. Rxb6 Kg7 48. Rb5 Re6+ 49. Kf3 Rf6 50. Rxa5 Ne6 51. Be4 Nxf4 52. Ke3 Ne6 53. b4 Rf1 54. Ra7+ Kf6 55. a5 Re1+ 56. Kd3 Nf4+ 57. Kd4 Ne6+ 58. Kd5 Nf4+ 59. Kxd6 Rxe4 60. Kc5 Nd3+ 61.
Kd5 Re5+ 62. Kd4 Nxb4 63. Kc3 Nc6 64. Ra6 Re6 65. Kd2 Ke5 66. Ra8 Nd4 67. a6 Nb3+ 68.
Kc3 Nc5 69. a7 Ra6 70. Re8+ Kd6 71. a8=Q Rxa8 72. Rxa8 Ne4+ 73. Kd4 Nf6 74. Ra6+ Ke7 75. c5 g5 76. Ra7+ Ke6 77. Rg7 g4 78. Kc4 Kf5 79.
c6 Ne8 80. Rg8 Nd6+ 81. Kc5 Ne4+ 82. Kb6 Nc3 83. c7 Nd5+ 84. Kb7 Nxc7 85. Kxc7 Kf4 86. Rf8+ Ke3 87. Kd6 g3 88. Kd5 g2 89. Rg8 Kf2 90. Rf8+ Ke2 91. Rg8 Kf2 92. Rf8+ Ke2 93. Rg8 Kf2 1/2-1/2

[Event "Late-Titled-Tuesday-Blitz-March-05-2024"]
[Site "Chess.com"]
[Date "2024.03.05"]
[Round "2"]
[White "dennisodessa"]
[Black "Heydarli77"]
[Result "0-1"]
[WhiteElo "2562"]
[BlackElo "2378"]
[TimeControl "180+1"]
[EndTime "14:19:45 PST"]
[Termination "Heydarli77 won by checkmate"]

1. d4 d5 2. c4 dxc4 3. e3 c5 4.
Bxc4 e6 5. Nf3 cxd4 6. exd4 Nf6 7. O-O Be7 8. Nc3 O-O 9. d5 exd5 10. Nxd5 Nxd5 11.
Bxd5 Nd7 12. Bf4 Nf6 13. Bb3 Bg4 14. h3 Qxd1 15. Rfxd1 Bxf3 16. gxf3 Rfd8 17. Rac1 Rdc8 18. a4 Bb4 19. Bc7 Ne8 20. Be5 Rxc1 21. Rxc1 Bd6 22.
Bxd6 Nxd6 23. Rc7 Rd8 24. Bd5 g6 25. Bxb7 Rb8 26. Bc6 a5 27. Rd7 Nc4 28. Bd5 Nxb2 29. Rxf7 Kh8 30. Bc6 Rb4 31. Ra7 Nxa4 32. Rxa5 Nc3 33.
Kg2 Ne2 34. Be4 Nf4+ 35. Kg3 Nh5+ 36. Kg4 Kg7 37. Ra7+ Kh6 38. Ra6 Rb2 39. f4 Rxf2 40.
Bf3 Rf1 41. Ra2 Rg1+ 42. Rg2 Rc1 43. Re2 Rc4 44. Be4 Nf6+ 45. Kf3 Rc3+ 46. Re3 Rc1 47. Kf2 Nh5 48. Rf3 Rc4 49. Ke3 Nf6 50. Bd3 Nd5+ 51. Kd2 Rxf4 52. Rg3 Rf2+ 53. Ke1 Rb2 54. Rg4 Ne3 55. Rg3 Nd5 56. Be2 Nf4 57. Bg4 Rh2 58.
Rf3 Ng2+ 59. Kf1 Nh4 60. Kg1 Nxf3+ 61. Bxf3 Rxh3 62. Kg2 Rxf3 63. Kxf3 Kg5 64. Kg3 h5 65. Kf3 Kh4 66. Kg2 Kg4 67. Kh2 Kf3 68. Kh3 Kf2 69. Kh2 g5 70. Kh3 g4+ 71. Kh4 g3 72. Kxh5 g2 73.
Kg5 g1=Q+ 74. Kf5 Qg3 75. Ke4 Qe3+ 76. Kd5 Qf4 77. Ke6 Qg5 78. Kd6 Qf5 79. Ke7 Qg6 80. Kd7 Ke3 81. Kc7 Kd4 82. Kd7 Kd5 83.
Ke7 Qe6+ 84. Kd8 Qf7 85. Kc8 Kc6 86. Kb8 Qb7# 0-1

[Event "Late-Titled-Tuesday-Blitz-March-05-2024"]
[Site "Chess.com"]
[Date "2024.03.05"]
[Round "2"]
[White "hell3raiser"]
[Black "Zq1"]
[Result "1/2-1/2"]
[WhiteElo "2398"]
[BlackElo "2608"]
[TimeControl "180+1"]
[EndTime "14:19:47 PST"]
[Termination "Game drawn by 50-move rule"]

1. e4 c5 2. b3 Nf6 3. e5 Nd5 4. Bb2 e6 5. Qf3 Nc6 6. Qg3 g6 7. h4 h5 8. Nf3 Bg7 9. Bd3 d6 10. Bxg6 fxg6 11. Qxg6+ Kf8 12. Ng5 Qe8 13. Nh7+ Rxh7 14. Qxh7 Qf7 15. O-O Nf4 16. Qe4 d5 17. Qf3 Nxe5 18. Bxe5 Bxe5 19. Nc3 Bxc3 20. dxc3 e5 21.
Rfe1 e4 22. Qe3 b6 23. c4 d4 24. Qxe4 Bb7 25. Qe5 Kg8 26. Qg5+ Qg6 27. Re7 Bc6 28. Qxg6+ Nxg6 29. Re6 Be8 30. Rae1 Kf7 31. Rd6 Rc8 32.
g4 Nxh4 33. Re4 hxg4 34. Rxg4 Ke7 35. Rh6 Nf5 36. Rh7+ Kf6 37. Rg8 Bd7 38. Rxc8 Bxc8 39. Rxa7 Nd6 40. a4 Bf5 41. a5 bxa5 42. Rxa5 Bxc2 43.
Rxc5 d3 44. Rd5 Ne4 45. Kf1 Bxb3 46. Rxd3 Bxc4 47. Ke2 Nc5 48. Ke3 Bxd3 49. f3 Ba6 50. Kd4 Ne6+ 51. Ke3 Kf5 52. f4 Nxf4 53. Kd4 Ne6+ 54. Ke3 Bb7 55. Kd3 Kf4 56. Kd2 Be4 57. Ke2 Nc5 58. Kd2 Kf3 59. Kc3 Ke3 60. Kc4 Nd3 61. Kc3 Bd5 62. Kc2 Kd4 63. Kd2 Nf4 64. Kc2 Bc4 65. Kd2 Bd3 66. Kc1 Be4 67. Kb2 Kc4 68. Ka3 Bc6 69. Kb2 Ba4 70. Ka3 Bd1 71.
Kb2 Nd3+ 72. Ka3 Kc3 73. Ka2 Nb4+ 74. Ka3 Nc6 75. Ka2 Ba4 76. Ka3 Bb5 77. Ka2 Bc4+ 78. Ka3 Bb5 79. Ka2 Na5 80. Ka3 Nc4+ 81. Ka2 Ba4 82.
Kb1 Na3+ 83. Ka2 Nc2 84. Kb1 Bb3 85. Kc1 Ba2 86. Kd1 Nd4 87. Kc1 Ne2+ 88. Kd1 Kd3 89. Ke1 Ke3 90. Kd1 Bb3+ 91. Ke1 Bc2 92. Kf1 Nf4 93.
Kg1 Kf3 94. Kh2 Ng2 95. Kg1 Bf5 96. Kf1 Bd3+ 97. Kg1 Kg3 98. Kh1 Nh4 99. Kg1 Be2 100. Kh1 Bf1 101. Kg1 Bh3 102. Kh1 Bg2+ 1/2-1/2

[Event "Late-Titled-Tuesday-Blitz-March-05-2024"]
[Site "Chess.com"]
[Date "2024.03.05"]
[Round "2"]
[White "OPQRC"]
[Black "FMJoseHerrera"]
[Result "1-0"]
[WhiteElo "2558"]
[BlackElo "2769"]
[TimeControl "180+1"]
[EndTime "14:19:49 PST"]
[Termination "OPQRC won by resignation"]

1. e4 c5 2. Nf3 e6 3. b3 b6 4. Bb2 Bb7 5. Bd3 Qc7 6. O-O a6 7. Re1 d6 8. c4 Nd7 9. Bc2 Ngf6 10. d4 cxd4 11. Nxd4 Be7 12. Qf3 h5 13. Nd2 h4 14. Qh3 g5 15. Nxe6 fxe6 16. Qxe6 Nc5 17. Qf5 Rf8 18. Rad1 Rf7 19. Qg6 Ncd7 20. Nf3 Nf8 21. Qh6 O-O-O 22. Nxg5 Ng8 23. Qxh4 Kb8 24. Qh5 Bxg5 25. Qxg5 Ne6 26. Qg3 Rdf8 27. f3 Ne7 28. Qxd6 Ng6 29. Qxe6 Nf4 30. Qe5 Re7 31. Qxc7+ Kxc7 32. Ba3 Rg8 33. g3 Rf7 34. Kf2 Nh3+ 35. Ke3 Ng5 36. f4 Ne6 37. e5 Rh8 38. Bd6+ Kc8 39. Rd2 Nd8 40. Be4 Nc6 41. Bxc6 Bxc6 42. h4 Rg8 43. Rg1 Rfg7 44. f5 Rg4 45. e6 Re4+ 46. Kd3 Kd8 47. Kc3 Ke8 48. Rd4 Re2 49. Rd3 Be4 50. Rd2 Rxd2 51. Kxd2 Bxf5 52. Ke3 Bxe6 53. Bf4 Kd7 54. Kd4 Bg4 55. Ke5 Kc6 56. Kf6 Rf8+ 57. Kg5 Rg8+ 58. Kf6 Kc5 59. Kf7 Rc8 60. Rh1 Bh5+ 61.
Kf6 Kb4 62. Kg5 Bf3 63. Rh2 Rg8+ 64. Kf6 Bh5 65. Kf5 a5 66. Bg5 Rf8+ 67. Ke6 Rf3 68. Bf4 Ka3 69. Kf6 Rf1 70. Kg5 Bf3 71. h5 Re1 72. h6 Re8 73. h7 Rh8 74. Be5 Rxh7 75. Rxh7 Kxa2 76. Bc7 Kxb3 77. Bxb6 a4 78. Bd4 Kxc4 79.
Bg7 a3 80. Rh2 Kb3 81. Kf4 Bd1 82. g4 Bxg4 83. Kxg4 a2 84. Kf4 Ka3 85. Ba1 Kb3 86. Ke3 Kc4 87. Rxa2 Kb4 88. Rb2+ 1-0

[Event "Late-Titled-Tuesday-Blitz-March-05-2024"]
[Site "Chess.com"]
[Date "2024.03.05"]
[Round "2"]
[White "Kombinator01"]
[Black "nindjaxx8"]
[Result "1-0"]
[WhiteElo "2497"]
[BlackElo "2696"]
[TimeControl "180+1"]
[EndTime "14:19:57 PST"]
[Termination "Kombinator01 won on time"]

1. d4 d5 2. Bf4 Nf6 3. e3 Bf5 4.
c4 e6 5. Nc3 Be7 6. Nf3 O-O 7.
Be2 c5 8. O-O Nc6 9. Rc1 dxc4 10. dxc5 Bd3 11. Bxd3 cxd3 12. Na4 Qa5 13. b3 Rfd8 14.
Qd2 Qa6 15. Rcd1 Ne4 16. Qc1 Bf6 17. Nd2 Nxd2 18. Rxd2 Rac8 19. Rfd1 b5 20. Nc3 Bxc3 21. Qxc3 b4 22. Qb2 Rd7 23. Bd6 Rcd8 24. Rxd3 Ne7 25. Qd2 Nf5 26. Qxb4 Qxa2 27. g3 Qe2 28. Qf4 h6 29. h4 Rb7 30. e4 Rxb3 31. R3d2 Qh5 32. exf5 Rf3 33. Qe4 exf5 34. Qe7 Ra8 35. Be5 f6 36.
Rd8+ Rxd8 37. Rxd8+ Kh7 38. Qe8 Qxe8 39. Rxe8 fxe5 40. Rxe5 a5 41. c6 Rc3 42. Rxf5 Rxc6 43. Rxa5 Rc1+ 44. Kg2 Rc2 45. Re5 Kg8 46. h5 Kf7 47. g4 Kf6 48. Rf5+ Ke6 49. Kg3 Rc3+ 50. f3 Rc1 51. Rf8 Rg1+ 52. Kf4 Ra1 53. Re8+ Kf7 54. Rb8 Kf6 55. Rb6+ Kf7 56. Rb7+ Kf6 57. Kg3 Rg1+ 58.
Kf2 Ra1 59. Kg3 Rg1+ 60. Kh2 Ra1 61. f4 Ra3 62. Kg2 Rc3 63. Rb6+ Kf7 64. Rb7+ Kf6 65.
Rb6+ Kf7 66. Kf2 Rh3 67. Ra6 Rc3 68. Ra4 Rb3 69. Re4 Ra3 70. Re3 Ra4 71. Kf3 Ra1 72.
Ke4 Ra4+ 73. Kf5 Ra5+ 74. Re5 Ra1 75. Rb5 Ra7 76. Rc5 Rd7 77. Rb5 Ra7 78. Rd5 Rc7 79.
Ke5 Re7+ 80. Kd4 Ra7 81. Rf5+ Ke6 82. Re5+ Kf7 83. Rb5 Ra4+ 84. Ke5 Ra7 85. g5 hxg5 86. fxg5 Re7+ 87. Kf5 Rc7 88. g6+ Ke7 89. Re5+ Kd7 90.
Kg5 Rc1 91. Re4 Rg1+ 92. Rg4 Rh1 93. Rh4 Rg1+ 94. Kf5 Rh1 95. Rxh1 1-0

[Event "Late-Titled-Tuesday-Blitz-March-05-2024"]
[Site "Chess.com"]
[Date "2024.03.05"]
[Round "2"]
[White "NCchamp"]
[Black "Hongjin"]
[Result "1-0"]
[WhiteElo "2341"]
[BlackElo "2658"]
[TimeControl "180+1"]
[EndTime "14:20:16 PST"]
[Termination "NCchamp won by resignation"]

1. d4 d6 2. e4 Nf6 3. Bd3 Nc6 4. c3 e5 5. Nf3 g6 6. O-O Bg7 7. Bg5 O-O 8. Nbd2 h6 9. Bxf6 Qxf6 10. dxe5 dxe5 11. Nc4 Bg4 12. Be2 Rad8 13. Qc2 Ne7 14. Ncxe5 Bc8 15. Nc4 Rfe8 16. Rad1 Nc6 17. Rxd8 Qxd8 18. Rd1 Qe7 19. Bd3 Bg4 20. Ncd2 h5 21.
h3 Bc8 22. Re1 Bh6 23. Nc4 Be6 24. Ne3 Qc5 25. a3 Rd8 26. Qe2 a6 27. Rd1 Bb3 28. Rd2 b5 29. Bb1 Re8 30. Nd4 Ne5 31. Nxb3 Qe7 32. Nd5 Qd6 33. Rd1 c6 34. Ne3 Qe7 35. Nd4 Bf4 36. Nf3 Nd7 37. Nc2 Nc5 38. Ncd4 Qf6 39.
e5 Bxe5 40. Nxe5 Rxe5 41. Qf3 Qe7 42. Bd3 Nxd3 43. Qxd3 Rd5 44. Qf3 Qd7 45. Re1 c5 46. Nc2 Rf5 47. Qe3 Kg7 48. Qe2 Qd6 49. Ne3 Re5 50. Rd1 Qe6 51. Qd3 c4 52. Qd4 Kh7 53.
Qd6 Qe8 54. Qd7 Qf8 55. Qd6 Qe8 56. Nd5 Kg7 57. Nc7 Qe7 58. Qxe7 Rxe7 59. Nxa6 Re2 60. Rb1 Kf6 61. Nb4 Ke6 62. Nc6 Kd5 63. Nd4 Rd2 64. Nxb5 Kc5 65. a4 h4 66. Na3 f5 67. a5 Rd6 68.
Re1 Ra6 69. Re5+ Kd6 70. Nxc4+ Kd7 71. Rd5+ Ke7 72. Rb5 g5 73. Nb6 Ke6 74. Nd5 Kd6 75. Ne3 Ra8 76. Nxf5+ Kc6 77. Re5 Kd7 78. Ne3 g4 79.
hxg4 Rb8 80. Rh5 Rxb2 81. Rxh4 Ra2 82. Rh5 Ke6 83. f3 Kf6 84. Nc4 Kg6 85. Nd6 Rc2 86. Ne4 Ra2 87. Rb5 Rc2 88. Rb6+ Kg7 89. a6 Ra2 90.
Kh2 Ra4 91. Kg3 Ra5 92. Rb7+ Kg6 93. a7 Ra3 94. Nd6 Kg5 95. Nc8 Kg6 96. Nb6 Rxc3 97. a8=Q Rc6 98. Qg8+ 1-0

[Event "Late-Titled-Tuesday-Blitz-March-05-2024"]
[Site "Chess.com"]
[Date "2024.03.05"]
[Round "2"]
[White "chess94cu"]
[Black "ritanovikova"]
[Result "1-0"]
[WhiteElo "2656"]
[BlackElo "2211"]
[TimeControl "180+1"]
[EndTime "14:20:38 PST"]
[Termination "chess94cu won on time"]

1. Nf3 Nf6 2. c4 d6 3. d4 g6 4. Nc3 Bg7 5. g3 O-O 6. Bg2 Re8 7. O-O c6 8. h3 e5 9. dxe5 dxe5 10. Qxd8 Rxd8 11. Nxe5 Be6 12. c5 Nd5 13. Nxd5 Bxd5 14. Nd3 Bc4 15. Rd1 Na6 16. Bg5 Rd7 17. Rac1 Bxa2 18.
Bf4 Bb3 19. Re1 Nc7 20. Bd6 Nb5 21. Be5 Bxe5 22. Nxe5 Rd2 23. Nd3 Nd4 24. Bf1 Re8 25. Rc3 Bd5 26. Ra1 a6 27. Nf4 Rxb2 28. Rd3 Nb3 29. Rad1 Nxc5 30. Nxd5 cxd5 31. Rxd5 Ne6 32. Rd7 a5 33. e3 a4 34. Ra1 b5 35. Rb7 Rd8 36. Rxb5 Rxb5 37. Bxb5 Rd2 38. Rxa4 Nc5 39.
Ra7 Ne4 40. Bc4 Nd6 41. Ba2 Rd1+ 42. Kg2 Kg7 43. Bb3 Rd2 44. e4 Kf6 45. Bd5 Ke5 46. Kf3 f5 47. Bc6 fxe4+ 48. Kg2 e3 49. Kf1 Rxf2+ 50.
Ke1 Rh2 51. Ra5+ Kd4 52. Rd5+ Kc3 53. Rxd6 Rxh3 54. g4 Rg3 55. Bd7 h5 56. gxh5 gxh5 57. Ke2 h4 58. Rh6 Kd4 59. Rxh4+ Ke5 60. Bc6 Kd6 61.
Bf3 Ke5 62. Kxe3 Rg1 63. Rh5+ Kf6 64. Kf4 Rf1 65. Rh6+ Kg7 66. Ra6 Kf7 67. Ke4 Re1+ 68. Kf5 Rf1 69. Ra7+ Ke8 70. Kf4 Kd8 71. Ke4 Re1+ 72. Kd5 Re7 73. Ra8+ Kc7 74. Bg4 Kb6 75. Rb8+ Kc7 76. Ra8 Kb6 77. Ra1 Rg7 78. Rb1+ Ka7 79. Be6 Rb7 80. Ra1+ Kb8 81. Kc6 Rc7+ 82. Kd6 Rb7 83.
Bd5 Ra7 84. Rb1+ Kc8 85. Rh1 Rd7+ 86. Kc6 Rc7+ 87. Kb6 Re7 88. Bc6 1-0

[Event "Late-Titled-Tuesday-Blitz-March-05-2024"]
[Site "Chess.com"]
[Date "2024.03.05"]
[Round "2"]
[White "ChessFanNM"]
[Black "Sinquefield"]
[Result "1-0"]
[WhiteElo "2288"]
[BlackElo "2486"]
[TimeControl "180+1"]
[EndTime "14:20:39 PST"]
[Termination "ChessFanNM won by checkmate"]

1. e4 d6 2. d4 Nf6 3. Nc3 Nbd7 4.
g3 e5 5. Nge2 Be7 6. Bg2 O-O 7.
O-O c6 8. a4 a5 9. h3 Re8 10. Be3 Bf8 11. Qd2 Qc7 12. g4 Nb6 13. b3 g6 14. Ng3 Bg7 15. Rad1 Nbd7 16. Bh6 Nf8 17. Bxg7 Kxg7 18. Nf5+ Bxf5 19. exf5 d5 20. dxe5 Qxe5 21. Rfe1 Qc7 22. Qd4 h6 23. h4 g5 24.
Qd2 N8h7 25. hxg5 hxg5 26. Bf3 Rxe1+ 27. Rxe1 Re8 28. Rxe8 Nxe8 29. Qd4+ Nhf6 30. Ne2 Qe7 31. Ng3 Kh7 32. Qd2 Kh6 33. Kg2 Qb4 34. Qe3 Qf4 35.
Qe7 Kg7 36. Qxb7 Qd6 37. Qb6 Qc7 38. Qd4 Kf8 39. Nh5 Qe7 40. Nxf6 Nxf6 41. Kg3 Nd7 42. Qd2 Ne5 43. Qd4 f6 44. Kg2 Kg7 45. Qb6 Nxf3 46. Kxf3 Qe4+ 47. Kg3 Qf4+ 48. Kh3 Qf3+ 49. Kh2 Qf4+ 50.
Kh3 Qf3+ 51. Kh2 Qxg4 52. Qc7+ Kh6 53. Qxc6 Qxf5 54. Kg2 Qg4+ 55. Kh2 Qf4+ 56. Kg2 Kh5 57. Qc8 Qe4+ 58. Kh2 Qe5+ 59. Kg2 g4 60. Qh8+ Kg5 61.
Qg7+ Kf4 62. Qh6+ Kf5 63. Qh5+ Kf4 64. Qxe5+ fxe5 65. b4 axb4 66. a5 d4 67. a6 d3 68.
cxd3 b3 69. a7 b2 70. a8=Q b1=Q 71. Qe4+ Kg5 72. Qxe5+ Kg6 73. Qe6+ Kg5 74. Qe3+ Kf5 75. Qe4+ Kg5 76. Qe3+ Kf5 77. d4 Qb7+ 78. Kg3 Qc7+ 79. Qe5+ Qxe5+ 80. dxe5 Kxe5 81. Kxg4 Kf6 82. Kf4 Ke6 83.
Kg5 Kf7 84. Kf5 Kg7 85. Ke6 Kg6 86. f4 Kg7 87. Ke5 Kf7 88. Kf5 Ke7 89. Kg6 Kf8 90.
Kf6 Ke8 91. f5 Kf8 92. Ke6 Ke8 93. f6 Kf8 94. f7 Kg7 95. Ke7 Kg6 96. f8=Q Kg5 97.
Qf6+ Kg4 98. Qe6+ Kg3 99. Kd6 Kf3 100. Kd5 Kf4 101. Kc5 Kf3 102. Qc4 Ke3 103. Qd4+ Ke2 104. Kc4 Kf3 105. Kd5 Ke2 106. Qf4 Kd3 107. Qf3+ Kc2 108. Kc4 Kb2 109. Qd3 Ka1 110. Qd2 Kb1 111. Kb3 Ka1 112. Qb2# 1-0